 Dungeon Crawl Stone Soup version 0.15-a0-1253-g15b4f57 (webtiles) character file.

92 Quh the Charmwright (level 4, -2/31 HPs)
             Began as a High Elf Skald on June 4, 2014.
             Killed by divine providence
             ... invoked by an orc priest
              (16 damage)
             ... on Level 3 of the Dungeon.
             The game lasted 00:13:41 (2626 turns).

Quh the Charmwright (High Elf Skald)                Turns: 2626, Time: 00:13:42

HP  -2/31        AC  6     Str 11      XL: 4   Next: 35%
MP   7/11        EV 10     Int 16      God:
Gold 108         SH  0     Dex 15      Spells:  3 memorised,  1 level left

rFire  . . .     SeeInvis .     z - +0 cutlass
rCold  . . .     Clarity  .     h - +1 leather armour
rNeg   . . .     rCorr    .     (no shield)
rPois  .         rRot     .     x - +2 hat
rElec  .         Spirit   .     (no cloak)
SustAb .         Warding  .     (no gloves)
rMut   .         Stasis   .     (no boots)
Gourm  .                        (no amulet)
MR     .....                    (no ring)
                                n - ring of flight

@: shrouded (expiring), regenerating (expiring), not resistant to hostile
enchantments, very unstealthy
A: no striking features
a: Evoke Flight


You were on level 3 of the Dungeon.
You were not hungry.

You visited 1 branch of the dungeon, and saw 3 of its levels.

You collected 108 gold pieces.

Inventory:

Hand weapons
 a - a +0,+0 short sword
 p - a +0,+0 short sword
 q - a +0,+0 short sword
 z - a +0,+0 cutlass (weapon)
 D - a +2,+2 mace of crushing
Missiles
 k - 39 stones (quivered)
 v - 5 javelins
Armour
 b - a +0 leather armour
 g - a +0 leather armour
 h - a +1 leather armour (worn)
 x - a +2 hat (worn)
 B - a +0 leather armour
 C - a cursed +0 leather armour
Comestibles
 d - 2 bread rations
 u - 3 rotting chunks of hobgoblin flesh
 A - a rotting chunk of giant newt flesh
Scrolls
 l - a scroll of fog {unknown}
 r - 2 scrolls of identify {unknown}
 s - a scroll of remove curse {unknown}
 t - 2 scrolls of enchant weapon I {unknown}
 y - a scroll of immolation {unknown}
Jewellery
 n - a ring of flight (left hand)
Potions
 e - 2 potions of heal wounds {unknown}
 f - 2 potions of flight {unknown}
 i - a potion of agility {unknown}
 j - a potion of invisibility {unknown}
 m - a potion of curing {unknown}
 o - a potion of lignification {unknown}
 w - 2 potions of degeneration {unknown}
Books
 c - a book of Battle

   Spells                             Type                      Level
   *Infusion                          Charms                       1
   *Shroud of Golubria                Charms/Translocation         2
   Song of Slaying                    Charms                       2
   Spectral Weapon                    Hexes/Charms                 3
   *Regeneration                      Charms/Necromancy            3


   Skills:
 * Level 3.0 Fighting
 * Level 3.4 Short Blades
 - Level 0.8 Armour
 - Level 1.1 Dodging
 - Level 2.4 Spellcasting
 * Level 5.0 Charms


You had one spell level left.
You knew the following spells:

 Your Spells              Type           Power        Failure   Level  Hunger
a - Infusion              Chrm           ###...       2%          1    #......
b - Shroud of Golubria    Chrm/Tloc      #.........   12%         2    ##.....
c - Regeneration          Chrm/Necr      #.........   21%         3    ####...


Dungeon Overview and Level Annotations

Branches:
Dungeon (3/15)

Altars:
Qazlal


Message History

Your skin is crawling a little less now.
The orc priest mumbles some strange prayers to Beogh against you.
Something smites you!
The orc priest calls down the wrath of Beogh upon you.
Something smites you! The orc barely misses you.
You hit the orc.
The orc is almost dead.
The orc priest becomes somewhat translucent.
The orc priest calls upon Beogh to heal the orc.
The orc's wounds heal themselves!
You hit the orc.
The orc is heavily wounded.
The orc barely misses you.
Your shroud begins to fray at the edges.
The orc throws a tomahawk.
The tomahawk hits you but does no damage.
The orc priest invokes the aid of Beogh against you.
Something smites you!
Ouch! That really hurt!
You die...

.##.#.# #.#
###.#.# #.####
#....####....####
#...............#
#.....#..###.##.#
#####....# #.##.#
##.#.# #.##.#
#.#.# #.##.#
#.#.# #.##@#
#.#.# #.##.#
#.#.# #.##.#
..#.# #.##o# ##.#
#...o. #.# ##o##
#.# #.# #.#


You could see an orc priest and 2 orcs.

Vanquished Creatures
  3 adders (D:2)
  A worm (D:2)
  2 giant geckos
  2 oozes
  7 orcs (D:3)
  A ball python (D:2)
  6 bats
  2 goblins (D:1)
  6 hobgoblins
  A jackal (D:1)
  6 giant cockroaches
  2 giant newts
  6 kobolds
  A quokka (D:3)
  4 rats
50 creatures vanquished.

Notes
Turn   | Place    | Note
--------------------------------------------------------------
     0 | D:1      | Quh, the High Elf Skald, began the quest for the Orb.
     0 | D:1      | Reached XP level 1. HP: 14/14 MP: 4/4
   314 | D:1      | Reached skill level 4 in Charms
   322 | D:1      | Reached XP level 2. HP: 13/19 MP: 1/6
   560 | D:1      | Learned a level 2 spell: Shroud of Golubria
  1137 | D:2      | Found a stormy altar of Qazlal.
  1372 | D:2      | Reached XP level 3. HP: 25/25 MP: 1/8
  1723 | D:2      | Learned a level 3 spell: Regeneration
  1846 | D:2      | Reached XP level 4. HP: 10/30 MP: 2/11
  2536 | D:3      | Reached skill level 5 in Charms
  2626 | D:3      | Killed from afar by an orc priest

Action                   |  1- 3 |  4- 6 || total
-------------------------+-------+-------++-------
Melee: Short sword       |   124 |    17 ||   141
       Cutlass           |       |    36 ||    36
 Cast: Infusion          |    17 |     2 ||    19
       Shroud of Golubri |     7 |     7 ||    14
       Regeneration      |       |     2 ||     2
